3AA
AKRON BLIMPS @ RICHLAND RAILS
07/01/2037
 
TOP OF THE 1ST
Akron Blimps batting - Pitching for Richland Rails : RHP Tom DeHart
Pitching: RHP Tom DeHart
Batting: LHB Pat Carter 0-0: Ball
1-0: Swinging Strike
1-1: Foul Ball, location: 2F
1-2: Foul Ball, location: 2F
1-2: SINGLE (Line Drive, 6MD, EV 98.8 MPH)
Batting: LHB León Castillo 0-0: Called Strike
0-1: Fly out, F4 (Line Drive, 4, EV 68.1 MPH)
Batting: LHB Derek Healey 0-0: Swinging Strike
0-1: Ball
1-1: Called Strike
Pat Carter is caught stealing 2nd base 2-6
1-2: Ball
2-2: Ball
3-2: Foul Ball, location: 2F
3-2: Base on Balls
Batting: LHB Surender Nada 0-0: Ball
1-0: Fly out, F8 (Flyball, 89D, EV 88.1 MPH)
Top of the 1st over - 0 runs, 1 hit, 0 errors, 1 left on base; Akron 0 - Richland 0
BOTTOM OF THE 1ST
Richland Rails batting - Pitching for Akron Blimps : RHP Ignacio Uribe
Pitching: RHP Ignacio Uribe
Batting: RHB Bill Albert 0-0: Foul Ball, location: 2F
0-1: SINGLE (Line Drive, 34D, EV 96.2 MPH)
Batting: RHB Ernesto Rivera 0-0: Ball
1-0: Called Strike
1-1: Ground out 5-3 (Groundball, 56S, EV 76.2 MPH)
Bill Albert to second
Batting: LHB Tony Wonder 0-0: Called Strike
0-1: Called Strike
0-2: Strikes out looking
Batting: LHB Glenn Lockhart 0-0: Called Strike
0-1: Ball
1-1: Foul Ball, location: 2F
1-2: Strikes out swinging
Bottom of the 1st over - 0 runs, 1 hit, 0 errors, 1 left on base; Akron 0 - Richland 0
TOP OF THE 2ND
Akron Blimps batting - Pitching for Richland Rails : RHP Tom DeHart
Batting: RHB Carlos Martínez 0-0: SINGLE (Line Drive, 4D, EV 97.5 MPH)
Batting: RHB Paul Bader 0-0: Ball
Carlos Martínez is caught stealing 2nd base 2-4
1-0: Foul Ball, location: 2F
1-1: Ball
2-1: Ball
3-1: Foul Ball, location: 2F
3-2: Foul Ball, location: 2F
3-2: Base on Balls
Batting: RHB Roy Burns 0-0: Foul Ball, location: 2F
0-1: Ball
1-1: Ball
2-1: Ball
3-1: Called Strike
3-2: Base on Balls
Paul Bader to second
Batting: LHB Bob Giles 0-0: Ball
1-0: Ball
2-0: Foul Ball, location: 2F
2-1: Ball
3-1: Called Strike
3-2: Fly out, F5 (Popup, 5F, EV 63.8 MPH)
Batting: RHB Dale Epner 0-0: Called Strike
0-1: Ball
1-1: Swinging Strike
1-2: Ball
2-2: Ball
3-2: Foul Ball, location: 2F
3-2: Fly out, F9 (Line Drive, 9D, EV 84.4 MPH)
Top of the 2nd over - 0 runs, 1 hit, 0 errors, 2 left on base; Akron 0 - Richland 0
BOTTOM OF THE 2ND
Richland Rails batting - Pitching for Akron Blimps : RHP Ignacio Uribe
Batting: RHB José Vargas 0-0: Ball
1-0: Ball
2-0: Ground out 6-3 (Groundball, 6, EV 91.9 MPH)
Batting: RHB Falco Opsteegh 0-0: Foul Ball, location: 2F
0-1: Ball
1-1: Ball
2-1: Ball
3-1: Fly out, F8 (Line Drive, 8LD, EV 93.8 MPH)
Batting: RHB Corey Hines 0-0: Foul Ball, location: 2F
0-1: Fly out, F8 (Flyball, 8RD, EV 101.2 MPH)
Bottom of the 2nd over - 0 runs, 0 hits, 0 errors, 0 left on base; Akron 0 - Richland 0
TOP OF THE 3RD
Akron Blimps batting - Pitching for Richland Rails : RHP Tom DeHart
Batting: LHB Pat Carter 0-0: Foul Ball, location: 2F
0-1: Ball
1-1: Ball
2-1: Ground out 5-3 (Groundball, 5, EV 86.2 MPH)
Batting: LHB León Castillo 0-0: Ball
1-0: Ball
2-0: Ball
3-0: Base on Balls
Batting: LHB Derek Healey 0-0: Called Strike
0-1: Ball
1-1: Foul Ball, location: 2F
1-2: Ball
2-2: Ball
3-2: DOUBLE (Line Drive, 7LS, EV 95.6 MPH)
León Castillo to third
Runner from 3rd tries for Home, SAFE, throw by LF to home
Batting: LHB Surender Nada 0-0: Called Strike
0-1: Ball
1-1: Called Strike
1-2: Foul Ball, location: 2F
1-2: Ball
2-2: Strikes out swinging
Batting: RHB Carlos Martínez 0-0: Ball
1-0: Called Strike
1-1: Foul Ball, location: 2F
1-2: SINGLE (Groundball, 25, EV 65.0 MPH) (infield hit)
Derek Healey to third
Batting: RHB Paul Bader 0-0: Ball
1-0: Called Strike
1-1: Foul Ball, location: 2F
1-2: Foul Ball, location: 2F
1-2: Ground out U3 (Groundball, 3, EV 101.2 MPH)
Top of the 3rd over - 1 run, 2 hits, 0 errors, 2 left on base; Akron 1 - Richland 0
BOTTOM OF THE 3RD
Richland Rails batting - Pitching for Akron Blimps : RHP Ignacio Uribe
Batting: RHB Kel Warren 0-0: Ball
1-0: Foul Ball, location: 2F
1-1: Foul Ball, location: 2F
1-2: Ball
2-2: Foul Ball, location: 2F
2-2: Foul Ball, location: 2F
2-2: Ball
3-2: Base on Balls
Batting: SHB Miguel González 0-0: Swinging Strike
0-1: Ball
1-1: Ball
2-1: Called Strike
2-2: Ball
3-2: Foul Ball, location: 2F
3-2: Foul Ball, location: 2F
3-2: Foul Ball, location: 2F
3-2: Strikes out swinging
Batting: RHB Bill Albert 0-0: Ball
1-0: Ball
2-0: Called Strike
2-1: Foul Ball, location: 2F
2-2: Ball
3-2: Strikes out swinging
Batting: RHB Ernesto Rivera 0-0: Called Strike
0-1: Ball
1-1: Ball
2-1: Ground out 4-3 (Groundball, 4, EV 86.2 MPH)
Bottom of the 3rd over - 0 runs, 0 hits, 0 errors, 1 left on base; Akron 1 - Richland 0
TOP OF THE 4TH
Akron Blimps batting - Pitching for Richland Rails : RHP Tom DeHart
Batting: RHB Roy Burns 0-0: Foul Ball, location: 2F
0-1: Ball
1-1: Ball
2-1: Ball
3-1: Base on Balls
Batting: LHB Bob Giles 0-0: Ball
Pickoff Throw by Catcher to First - Error! E2
Roy Burns to second
1-0: Ball
2-0: Fly out, F5 (Line Drive, 5, EV 71.2 MPH)
Batting: RHB Dale Epner 0-0: Ball
1-0: Called Strike
1-1: Called Strike
1-2: Foul Ball, location: 2F
1-2: Foul Ball, location: 2F
1-2: Ball
2-2: Ball
3-2: DOUBLE (Line Drive, 3D, EV 97.5 MPH)
Roy Burns scores
Batting: LHB Pat Carter 0-0: Ball
1-0: Called Strike
1-1: Ball
2-1: Foul Ball, location: 2F
2-2: Ball
3-2: SINGLE (Groundball, 23, EV 65.6 MPH) (infield hit)
Dale Epner to third
Batting: LHB León Castillo 0-0: Ball
Pat Carter is caught stealing 2nd base 2-6
1-0: Foul Ball, location: 2F
1-1: SINGLE (Line Drive, 8LS, EV 106.2 MPH)
Dale Epner scores
Batting: LHB Derek Healey 0-0: Called Strike
0-1: Foul Ball, location: 2F
0-2: Reached on error, E4 (Groundball, 34, EV 96.2 MPH)
León Castillo to second
Batting: LHB Surender Nada 0-0: Ball
1-0: Called Strike
1-1: Ball
2-1: Foul Ball, location: 2F
2-2: Ground out U3 (Groundball, 3, EV 75.6 MPH)
Top of the 4th over - 2 runs, 3 hits, 2 errors, 2 left on base; Akron 3 - Richland 0
BOTTOM OF THE 4TH
Richland Rails batting - Pitching for Akron Blimps : RHP Ignacio Uribe
Batting: LHB Tony Wonder 0-0: Ball
1-0: Ball
2-0: Ground out 6-3 (Groundball, 6M, EV 109.4 MPH)
Batting: LHB Glenn Lockhart 0-0: Ball
1-0: SINGLE (Groundball, 4MD, EV 96.9 MPH)
Batting: RHB José Vargas 0-0: Ball
1-0: Called Strike
Glenn Lockhart is caught stealing 2nd base 2-4
1-1: Fly out, F7 (Flyball, 7S, EV 92.5 MPH)
Bottom of the 4th over - 0 runs, 1 hit, 0 errors, 0 left on base; Akron 3 - Richland 0
TOP OF THE 5TH
Akron Blimps batting - Pitching for Richland Rails : RHP Tom DeHart
Batting: RHB Carlos Martínez 0-0: Foul Ball, location: 2F
0-1: SINGLE (Line Drive, 6MD, EV 106.2 MPH)
Batting: RHB Paul Bader 0-0: Foul Ball, location: 2F
0-1: Foul Ball, location: 2F
0-2: Foul Ball, location: 2F
0-2: Ball
1-2: Fly out, F9 (Flyball, 9LSF, EV 88.1 MPH)
Pitching: RHP Jose Jovellanos
Batting: RHB Roy Burns 0-0: Called Strike
0-1: Foul Ball, location: 2F
0-2: Ball
1-2: SINGLE (Line Drive, 78M, EV 86.9 MPH)
Carlos Martínez to second
Batting: LHB Bob Giles 0-0: Ball
Carlos Martínez steals 3rd base
Roy Burns to second
1-0: Foul Ball, location: 2F
1-1: Ball
2-1: Foul Ball, location: 2F
2-2: Fly out, F8 (Flyball, 78XD, EV 96.9 MPH)
Runner from 3rd tags up, SCORES, no throw by CF
Batting: RHB Dale Epner 0-0: Called Strike
0-1: Called Strike
0-2: Ball
1-2: Ground out 5-3 (Groundball, 56, EV 95.6 MPH)
Top of the 5th over - 1 run, 2 hits, 0 errors, 1 left on base; Akron 4 - Richland 0
BOTTOM OF THE 5TH
Richland Rails batting - Pitching for Akron Blimps : RHP Ignacio Uribe
Batting: RHB Falco Opsteegh 0-0: Ground out 5-3 (Groundball, 56, EV 84.4 MPH)
Batting: RHB Corey Hines 0-0: Called Strike
0-1: Fly out, F9 (Flyball, 89D, EV 101.9 MPH)
Batting: RHB Kel Warren 0-0: Called Strike
0-1: Foul Ball, location: 2F
0-2: Ball
1-2: Ball
2-2: Ground out 4-3 (Groundball, 4, EV 87.5 MPH)
Bottom of the 5th over - 0 runs, 0 hits, 0 errors, 0 left on base; Akron 4 - Richland 0
TOP OF THE 6TH
Akron Blimps batting - Pitching for Richland Rails : RHP Jose Jovellanos
Batting: LHB Pat Carter 0-0: Ball
1-0: Foul Ball, location: 2F
1-1: Ball
2-1: Ground out 4-3 (Groundball, 34, EV 83.8 MPH)
Batting: LHB León Castillo 0-0: Called Strike
0-1: Ball
1-1: Fly out, F7 (Flyball, 7, EV 89.4 MPH)
Batting: LHB Derek Healey 0-0: Ball
1-0: Ball
2-0: Ball
3-0: Called Strike
3-1: Foul Ball, location: 2F
3-2: Foul Ball, location: 2F
3-2: Base on Balls
Batting: LHB Surender Nada 0-0: Called Strike
0-1: Ball
1-1: Ball
2-1: Foul Ball, location: 2F
2-2: Ball
3-2: Ground out 6-3 (Groundball, 6, EV 84.4 MPH)
Top of the 6th over - 0 runs, 0 hits, 0 errors, 1 left on base; Akron 4 - Richland 0
BOTTOM OF THE 6TH
Richland Rails batting - Pitching for Akron Blimps : RHP Ignacio Uribe
Batting: SHB Miguel González 0-0: Ground out 6-3 (Groundball, 6, EV 88.1 MPH)
Batting: RHB Bill Albert 0-0: Ball
1-0: Ground out 4-3 (Groundball, 4, EV 83.1 MPH)
Batting: RHB Ernesto Rivera 0-0: Called Strike
0-1: Foul Ball, location: 2F
0-2: Foul Ball, location: 2F
0-2: Ball
1-2: Strikes out swinging, 2-3 out at first.
Bottom of the 6th over - 0 runs, 0 hits, 0 errors, 0 left on base; Akron 4 - Richland 0
TOP OF THE 7TH
Akron Blimps batting - Pitching for Richland Rails : RHP Jose Jovellanos
Batting: RHB Carlos Martínez 0-0: Ball
1-0: Fly out, F7 (Flyball, 7LS, EV 90.6 MPH)
Batting: RHB Paul Bader 0-0: Ball
1-0: Ball
2-0: Swinging Strike
2-1: Swinging Strike
2-2: Ground out 6-3 (Groundball, 6, EV 91.2 MPH)
Batting: RHB Roy Burns 0-0: Called Strike
0-1: Ball
1-1: Called Strike
1-2: Ball
2-2: Strikes out swinging
Top of the 7th over - 0 runs, 0 hits, 0 errors, 0 left on base; Akron 4 - Richland 0
BOTTOM OF THE 7TH
Richland Rails batting - Pitching for Akron Blimps : RHP Ignacio Uribe
Batting: LHB Tony Wonder 0-0: Ball
1-0: Called Strike
1-1: Ball
2-1: Foul Ball, location: 2F
2-2: SINGLE (Groundball, 4MD, EV 95.6 MPH)
Batting: LHB Glenn Lockhart 0-0: Foul Ball, location: 2F
0-1: Foul Ball, location: 2F
0-2: Ball
Tony Wonder steals 2nd base
1-2: Strikes out looking
Batting: RHB José Vargas 0-0: Ball
1-0: Ground out 5-3 (Groundball, 56, EV 78.8 MPH)
Batting: RHB Falco Opsteegh 0-0: Called Strike
0-1: Fly out, F7 (Flyball, 78D, EV 101.9 MPH)
Bottom of the 7th over - 0 runs, 1 hit, 0 errors, 1 left on base; Akron 4 - Richland 0
TOP OF THE 8TH
Akron Blimps batting - Pitching for Richland Rails : RHP Jose Jovellanos
Batting: LHB Bob Giles 0-0: Foul Ball, location: 2F
0-1: Ball
1-1: Ball
2-1: Swinging Strike
2-2: Foul Ball, location: 2F
2-2: Ball
3-2: Foul Ball, location: 2F
3-2: Strikes out swinging
Batting: RHB Dale Epner 0-0: Ball
1-0: Foul Ball, location: 2F
1-1: Ground out 5-3 (Groundball, 5L, EV 78.8 MPH)
Batting: LHB Pat Carter 0-0: Ball
1-0: Foul Ball, location: 2F
1-1: Swinging Strike
1-2: Ground out 3-1 (Groundball, 3L, EV 106.2 MPH)
Top of the 8th over - 0 runs, 0 hits, 0 errors, 0 left on base; Akron 4 - Richland 0
BOTTOM OF THE 8TH
Richland Rails batting - Pitching for Akron Blimps : RHP Ignacio Uribe
Batting: RHB Corey Hines 0-0: Swinging Strike
0-1: Called Strike
0-2: Ball
1-2: Strikes out looking
Batting: RHB Kel Warren 0-0: Fly out, F9 (Flyball, 9LS, EV 96.9 MPH)
Batting: SHB Miguel González 0-0: Ground out 4-3 (Groundball, 4, EV 90.0 MPH)
Bottom of the 8th over - 0 runs, 0 hits, 0 errors, 0 left on base; Akron 4 - Richland 0
TOP OF THE 9TH
Akron Blimps batting - Pitching for Richland Rails : RHP Jose Jovellanos
Batting: LHB León Castillo 0-0: Called Strike
0-1: Foul Ball, location: 2F
0-2: Fly out, F4 (Popup, 3DF, EV 57.5 MPH)
Batting: LHB Derek Healey 0-0: Ball
1-0: Called Strike
1-1: Foul Ball, location: 2F
1-2: Ball
2-2: Foul Ball, location: 2F
2-2: Strikes out looking
Pitching: RHP Stan Burgemeester
Batting: LHB Surender Nada 0-0: Called Strike
0-1: Ball
1-1: Foul Ball, location: 2F
1-2: Ball
2-2: Ground out 6-3 (Groundball, 6, EV 85.6 MPH)
Top of the 9th over - 0 runs, 0 hits, 0 errors, 0 left on base; Akron 4 - Richland 0
BOTTOM OF THE 9TH
Richland Rails batting - Pitching for Akron Blimps : RHP Ignacio Uribe
Pitching: RHP Oakland Scanlan
Batting: RHB Bill Albert 0-0: Foul Ball, location: 2F
0-1: Ground out 6-3 (Groundball, 6M, EV 95.6 MPH)
Batting: RHB Ernesto Rivera 0-0: Called Strike
0-1: Ball
1-1: Called Strike
1-2: SINGLE (Groundball, 6MD, EV 105.6 MPH)
Batting: LHB Tony Wonder 0-0: Ball
1-0: Called Strike
1-1: Ball
2-1: Ball
3-1: Foul Ball, location: 2F
3-2: Fly out, F7 (Flyball, 78M, EV 91.9 MPH)
Batting: LHB Glenn Lockhart 0-0: Ball
1-0: Swinging Strike
1-1: Called Strike
1-2: Ball
2-2: Strikes out swinging
Bottom of the 9th over - 0 runs, 1 hit, 0 errors, 1 left on base; Akron 4 - Richland 0
Thursday, January 23rd, 2020 - OOTP Baseball 20.8 Build 74